Unix NetHack Version 5.0.0-0 post-release - last build Jun 10 2026 00:39:30 (3ee93aec679c4c4259841fe613dc97188e26a321,branch:main).

Game began 2026-06-16 19:48:06, ended 2026-06-16 20:00:45.

LDaviesPeters, neutral female human Archeologist

                   .--..
                   [).@G
                   .).--
                    ..-

LDaviesPeters the Field Worker  St:15 Dx:12 Co:9 In:15 Wi:18 Ch:9  Neutral
Dlvl:4  $:5  HP:0(33) Pw:30(30) AC:8  Xp:4 T:1381  Hungry  

Latest messages:
 What do you want to use or apply? [abfgpy or ?*] b
 You put a scroll of identify into the sack.
 You put a bubbly potion into the sack.
 What do you want to drop? [a-df-hjo-qsty or ?*] c
 You drop an uncursed +0 fedora.
 The door opens.
 You descend the stairs.
 You climb up the stairs.
 You see here 5 gold pieces.
 $ - 5 gold pieces.
 You see here a food ration.
 You learn more about your items by comparing them.
 d - an uncursed food ration (7 in total).
 You see here a food ration.
 You have a little trouble lifting a food ration.  Continue? [ynq] (q) y
 You learn more about your items by comparing them.
 You have a little trouble lifting d - an uncursed food ration (8 in total).
 Your movements are slowed slightly because of your load.
 You swap places with your little dog.
 You drop 4 uncursed food rations.
 Your movements are now unencumbered.
 You descend the stairs.
 The little dog misses the dwarf.
 The little dog misses the dwarf.
 You are beginning to feel hungry.
 You lash the dwarf.
 The little dog bites the dwarf.
 The dwarf wields a dagger!
 The little dog misses the dwarf.
 You kill the dwarf!
 Your little dog eats a dwarf corpse.
 You lash the gnome.
 The gnome hits!
 You kill the gnome!
 Welcome to experience level 4.
 You are hit by a dagger.
 You hear crashing rock.
 The gnome lord thrusts one of his daggers.
 The gnome lord hits!
 You lash the gnome lord.
 The gnome lord thrusts one of his daggers.
 The gnome lord hits!
 You lash the gnome lord.
 The gnome lord thrusts one of his daggers.
 The gnome lord hits!
 You lash the gnome lord.
 The gnome lord thrusts one of his daggers.
 The gnome lord hits!
 You die...
 Do you want your possessions identified? [ynq] (y) q

Inventory:
 Coins    ('$')
  $ - 5 gold pieces
 Amulets  ('"')
  o - an uncursed amulet of ESP
  j - an uncursed amulet of reflection (being worn)
 Weapons  (')')
  q - a blessed +0 dagger
  t - a +0 orcish dagger
  a - a +2 bullwhip (weapon in left hand)
 Armor    ('[')
  s - an uncursed +0 orcish helm (being worn)
  h - an uncursed +0 leather jacket (being worn)
 Comestibles  ('%')
  d - 4 uncursed food rations
 Wands    ('/')
  y - a wand of digging (0:6)
 Tools    ('(')
  b - an uncursed sack containing 8 items
  p - a +0 pick-axe (alternate weapon; not wielded)
  f - a tinning kit (0:43)
 Gems/Stones  ('*')
  g - an uncursed touchstone

Contents of the sack:
  9 gold pieces
  an uncursed scroll of earth
  2 uncursed scrolls of identify
  an uncursed scroll of scare monster
  an uncursed spellbook of protection
  a blessed potion of enlightenment
  an uncursed potion of object detection
  an uncursed potion of extra healing

LDaviesPeters the Archeologist's attributes:

Background:
 You were a Field Worker, a level 4 female human Archeologist.
 You were neutral, on a mission for Camaxtli
 who was opposed by Quetzalcoatl (lawful) and Huhetotl (chaotic).
 You were left-handed.
 You were in the Gnomish Mines, on level 4.
 You entered the dungeon 1381 turns ago.
 There was a new moon in effect when your adventure ended.
 You had 82 experience points, 78 more were needed to attain level 5.

Basics:
 You had 0 out of 33 hit points.
 You had all 30 energy points (spell power).
 Your armor class was 8.
 Your wallet contained 5 zorkmids, and
 you had 9 more stashed away in your pack.
 Autopickup was off.

Final Characteristics:
 Your strength was 15 (limit:18/100).
 Your dexterity was 12 (limit:18).
 Your constitution was 9 (limit:18).
 Your intelligence was 15 (limit:18).
 Your wisdom was 18 (limit:18).
 Your charisma was 9 (limit:18).

Final Status:
 You were hungry.
 You were unencumbered.
 You were wielding a whip.
 You had basic skill with whip.

Final Attributes:
 You were devoutly aligned.
 You had automatic searching.
 You had reflection.
 You are dead.

Miscellaneous:
 You didn't encounter any bones levels.
 Total elapsed playing time was 12 minutes and 39 seconds.

Major events:
 Turn
    1: LDaviesPeters the neutral female human Archeologist entered the dungeon
  813: attained the rank of Field Worker (level 3)
 1372: entered the Gnomish Mines
 1381: killed by a gnome lord

Spells:
 Name                 Level Category     Fail Retention
 protection             1   clerical      35%  76%-100%

Skills:
 Fighting Skills
   bare handed combat [Unskilled]
   two weapon combat  [Unskilled]
   riding             [Unskilled]
 Weapon Skills
   dagger             [Unskilled]
   knife              [Unskilled]
   pick-axe           [Basic]
   short sword        [Unskilled]
   saber              [Unskilled]
   club               [Unskilled]
   quarterstaff       [Unskilled]
   sling              [Unskilled]
   dart               [Unskilled]
   boomerang          [Unskilled]
   whip               [Basic]
   unicorn horn       [Unskilled]
 Spellcasting Skills
   attack spells      [Unskilled]
   healing spells     [Unskilled]
   divination spells  [Unskilled]
   matter spells      [Unskilled]

Voluntary challenges:
 Character rerolling was not enabled.
 You never genocided any monsters.
 You never polymorphed an object.
 You never changed form.
 You used no wishes.
Achievements:
 You attained the rank of Field Worker.
 You entered the Gnomish Mines.

 The Dungeons of Doom: levels 1 to 4
    Level 1:
       An altar to Camaxtli.
    Level 2:
    Level 3:
       Stairs down to The Gnomish Mines.
    Level 4:
 The Gnomish Mines:
    Level 4: <- You were here.
       Final resting place for
          you, killed by a gnome lord.


Vanquished creatures:
  a dwarf
  a giant bat
 an iguana
  a coyote
  a hobbit
  a cave spider
  a gnome
  3 jackals
  3 foxes
  3 goblins
  3 grid bugs
  3 lichens
  5 newts
27 creatures vanquished.

No species were genocided or became extinct.

Game over:
                       ----------
                      /          \
                     /    REST    \
                    /      IN      \
                   /     PEACE      \
                  /                  \
                  |  LDaviesPeters   |
                  |      14 Au       |
                  |   killed by a    |
                  |    gnome lord    |
                  |                  |
                  |                  |
                  |       2026       |
                 *|     *  *  *      | *
        _________)/\\_//(\/(/\)/\//\/|_)_______

Goodbye LDaviesPeters the Archeologist...

You died in The Gnomish Mines on dungeon level 4 with 491 points,
and 14 pieces of gold, after 1381 moves.
You were level 4 with a maximum of 33 hit points when you died.

